 Dungeon Crawl Stone Soup version 0.28.0-53-g5a82cb258f (webtiles) character file.

Game seed: 5732534145273369311

107 Zeld the Bolt Thrower (level 4, -11/28 HPs)
             Began as a Gargoyle Hunter on May 26, 2022.
             Mangled by an ogre
             ... wielding a +0 giant club
              (29 damage)
             ... on level 4 of the Dungeon.
             The game lasted 00:04:14 (3471 turns).

Zeld the Bolt Thrower (Gargoyle Hunter)             Turns: 3471, Time: 00:04:15

Health: -11/28     AC:  6    Str: 18    XL:     4   Next: 86%
Magic:  4/4        EV: 11    Int: 11    God:
Gold:   203        SH:  0    Dex: 10    Spells: 3/3 levels left

rFire   . . .      SeeInvis .   b - +0 morningstar
rCold   . . .      Faith    .   (no shield)
rNeg    + . .      Spirit   .   c - +0 leather armour
rPois   ∞          Reflect  .   (no helmet)
rElec   +          Harm     .   (no cloak)
rCorr   .          Rampage  .   (no gloves)
Will    .....                   (no boots)
Stlth   +.........              o - amulet of regeneration
HPRegen 0.89/turn               (no ring)
MPRegen 0.09/turn               (no ring)

@: no status effects
A: sickness immunity, AC +3, negative energy resistance 1, electricity
resistance, torment resistance 1, petrification resistance
a: no special abilities


You were on level 4 of the Dungeon.
You visited 1 branch of the dungeon, and saw 4 of its levels.

You collected 203 gold pieces.

Inventory:

Hand Weapons
 a - a +1 hand crossbow
 b - a +0 morningstar (weapon)
Missiles
 d - 5 bolts
Armour
 c - a +0 leather armour (worn)
Jewellery
 o - an amulet of regeneration (around neck)
Scrolls
 e - a scroll of fog {unknown}
 h - 2 scrolls of brand weapon {unknown}
 i - a scroll of identify {unknown}
 l - a scroll of summoning {unknown}
 m - a scroll of enchant armour {unknown}
 p - a scroll of noise {unknown}
Potions
 f - 2 potions of cancellation {unknown}
 g - 2 potions of haste {unknown}
 j - a potion of heal wounds {unknown}
 k - a potion of invisibility {unknown}
 n - a potion of curing {unknown}


   Skills:
 + Level 3.3 Fighting
 * Level 0.2 Maces & Flails
 * Level 5.1 Crossbows
 + Level 2.3 Dodging
 - Level 1.1 Stealth


You had 3 spell levels left.
You didn't know any spells.
Your spell library was empty.

Dungeon Overview and Level Annotations

Branches:
Dungeon (4/15)
 Temple: D:4-7

Altars:

Annotations:
D:4 2 transporters, exclusion: ogre, Edmund, Eustachio, Menkaure


Innate Abilities, Weirdness & Mutations

You are immune to sickness and miasma.
Your stone body is resilient. (AC +3)
You are immune to poison.
You resist negative energy. (rN+)
You are resistant to electric shocks. (rElec)
You are resistant to unholy torment.
You are immune to petrification.


Message History

There are monsters nearby!
As you open the door, it creaks loudly!
Edmund asks, "Have you met my wondrous brother?"
There is an open door here.
Okay, then.
There is a stone staircase leading up here.
You climb upwards.
There is a stone staircase leading down here.
There is a stone staircase leading down here.
You climb downwards.
Level annotation: 2 transporters, exclusion: ogre, Edmund, Eustachio, Menkaure
There is a stone staircase leading up here.
d - a bolt
d - 3 bolts (gained 2)
d - 4 bolts (gained 1)
d - 5 bolts (gained 1) Menkaure shouts!
You hear a shout!
Menkaure calls on the powers of darkness!
Your body is wracked with pain!
There is a stone staircase leading up here.
Menkaure gestures wildly while chanting.
Menkaure seems to speed up.
You climb upwards.
There is a stone staircase leading down here.
There is an open door here.
There is a stone staircase leading down here.
You climb downwards.
Level annotation: 2 transporters, exclusion: ogre, Edmund, Eustachio, Menkaure
There is a stone staircase leading up here.
You start waiting.
Done waiting.
You start waiting.
An ogre is nearby!
The ogre shouts!
You barely miss the ogre. The ogre hits you with a +0 giant club!
You hit the ogre.
The ogre is moderately wounded.
The ogre hits you with a +0 giant club!!
Ouch! That really hurt!
You die...

.#...# ... .#...###### @.
.#........#.# #.
##.........# ##. #.#
#.....##.......# ...
#####..###.####..###.©.###
..[##..###.#####...#####.
##......##.....##.......
#..#...###....O@..# #.##
#...........#.#.#.###..#
##.###.###..#.#......#O#
#.....###..#.######.#..#
####.........##...#.##.#
#.#######.##.#.#.##.####
#.##.........#......M..#
#........#.#.###.###.#.#
####...........#.......#


You could see an ogre.

Vanquished Creatures
  An adder (D:2)
  An ufetubus (D:3)
  2 worms (D:2)
  2 dart slugs (D:1)
  7 orcs
  5 bats
  10 endoplasms
  2 giant cockroaches (D:1)
  2 goblins
  7 hobgoblins
  2 jackals (D:3)
  4 kobolds
  3 quokkas
  8 ball pythons
  3 frilled lizards
  15 rats
74 creatures vanquished.

Notes
Turn   | Place    | Note
-------+----------+-------------------------------------------
     0 | D:1      | Zeld the Gargoyle Hunter began the quest for the Orb.
     0 | D:1      | Reached XP level 1. HP: 12/12 MP: 1/1
   176 | D:1      | Reached XP level 2. HP: 18/18 MP: 2/2
   454 | D:1      | Reached XP level 3. HP: 22/22 MP: 3/3
  1188 | D:2      | Reached XP level 4. HP: 19/28 MP: 4/4
  2121 | D:3      | Reached skill level 5 in Crossbows
  2551 | D:3      | Found a faded altar of an unknown god.
  2551 | D:3      | Noticed a tormentor
  2687 | D:4      | Found a transporter.
  2687 | D:4      | Noticed Eustachio
  2711 | D:4      | Found a transporter.
  2711 | D:4      | Noticed an ogre
  2734 | D:4      | Noticed Menkaure
  3019 | D:4      | HP: 1/28 [Menkaure (9)]
  3184 | D:4      | Noticed Edmund
  3471 | D:4      | Mangled by an ogre

Illustrated notes

Levels and vault maps discovered:
D:1:      dpeg_arrival_erosion, layout_basic, minmay_rat_gold_closets
D:2:      layout_loops_cross
D:3:      layout_basic, dreamdust_ecumenical_altar_sealed_demon, minivault_26
D:4:      cheibrodos_pilgrimage, layout_basic, minitemple,
          minmay_temple_entry_crystal_x, gammafunk_ghost_stat_death,
          uniq_edmund, uniq_eustachio, uniq_menkaure

Skill      XL: |  1  2  3  4 |
---------------+-------------+-----
Dodging        | 2 |  2.3
Fighting       | 3 |  3.3
Crossbows      | 5 |  5.1
Maces & Flails | |  0.2
Stealth        | |  1.1

Action                   |  1- 3 |  4- 6 || total
-------------------------+-------+-------++-------
Melee: Morningstar       |       |    31 ||    31
 Fire: Hand crossbow     |    88 |    51 ||   139
Armor: Leather armour    |    10 |    18 ||    28
Dodge: Dodged            |    27 |    22 ||    49
